 Dungeon Crawl Stone Soup version 0.29.0-4-gdea44cf6ec (webtiles) character file.

Game seed: 11718883851144532581

80 qw the Sneak (level 4, -6/28 HPs)
             Began as a Gargoyle Delver on Sept 10, 2022.
             Constricted to death by Edmund (7 damage)
             ... on level 4 of the Dungeon.
             The game lasted 00:01:05 (4123 turns).

qw the Sneak (Gargoyle Delver)                      Turns: 4123, Time: 00:01:06

Health: -6/28      AC: 14    Str: 17    XL:     4   Next: 39%
Magic:  4/4        EV:  2    Int: 11    God:
Gold:   251        SH:  0    Dex: 11    Spells: 3/3 levels left

rFire   . . .      SeeInvis .   Y - +0 hand axe
rCold   . . .      Faith    .   (no shield)
rNeg    + . .      Spirit   .   j - +0 plate armour
rPois   inf        Reflect  .   (no helmet)
rElec   +          Harm     .   (no cloak)
rCorr   .          Rampage  .   (no gloves)
Will    .....                   (no boots)
Stlth   ..........              (no amulet)
HPRegen 0.09/turn               (no ring)
MPRegen 0.09/turn               (no ring)

@: grasped by roots, constricted
A: sickness immunity, AC +3, negative energy resistance 1, electricity
resistance, torment resistance 1, petrification resistance
a: no special abilities


You were on level 4 of the Dungeon.
You visited 1 branch of the dungeon, and saw 5 of its levels.

You collected 251 gold pieces.


Innate Abilities, Weirdness & Mutations

You are immune to sickness and miasma.
Your stone body is resilient. (AC +3)
You are immune to poison.
You resist negative energy. (rN+)
You are resistant to electric shocks. (rElec)
You are resistant to unholy torment.
You are immune to petrification.


   Skills:
 - Level 3.2 Fighting
 + Level 3.6 Axes
 - Level 2.0 Armour
 - Level 1.5 Dodging
 - Level 5.4 Stealth


You had 3 spell levels left.
You didn't know any spells.
Your spell library was empty.

Inventory:

Hand Weapons
 c - a +0 flail
 Y - a +0 hand axe (weapon)
Armour
 j - a +0 plate armour (worn)
Jewellery
 l - an amulet of guardian spirit
 n - a +4 ring of protection
Wands
 g - a wand of digging (3)
Scrolls
 e - 5 scrolls of identify
 i - a scroll of immolation {unknown}
 k - a scroll of enchant armour {unknown}
 m - a scroll of blinking {unknown}
Potions
 a - 2 potions of might
 b - 2 potions of flight {unknown}
 f - 3 potions of haste
 h - a potion of mutation

Dungeon Overview and Level Annotations

Branches:
Dungeon (5/15)
 Temple: D:4-7

Altars:

Shops:
D:5 !

Annotations:
D:4 Edmund


Message History

Edmund closely misses you.
You hit Edmund but do no damage. Edmund completely misses you.
You hit Edmund but do no damage.
Edmund hits you with a +0 flail of protection.
You closely miss Edmund. Edmund barely misses you.
Edmund hits you with a +0 flail of protection.
You hit Edmund but do no damage.
Edmund hits you with a +0 flail of protection.
You barely miss Edmund.
Edmund zaps a wand.
The roots erupt in riotous growth!
The grasping roots grab you!
Edmund is unaffected.
The grasping roots constrict you.
You hear a shout!
You hit Edmund but do no damage. Edmund hits you but does no damage.
The grasping roots constrict you.
You hit Edmund but do no damage.
Edmund hits you with a +0 flail of protection.
The grasping roots constrict you.
The grasping roots release their grip on you.
You barely miss Edmund.
Edmund hits you with a +0 flail of protection.
You barely miss Edmund. Edmund hits you but does no damage.
You hit Edmund but do no damage.
Edmund hits you with a +0 flail of protection.
You closely miss Edmund. Edmund hits you but does no damage.
You hit Edmund.
Edmund is lightly wounded.
Edmund zaps a wand.
The roots erupt in riotous growth!
The grasping roots grab you!
Edmund is unaffected.
The grasping roots constrict you.
You hear a shout!
You hit Edmund but do no damage.
Edmund is lightly wounded.
Edmund hits you but does no damage. The grasping roots constrict you.
Edmund hits you but does no damage. The grasping roots constrict you!
You die...

###...##.##
............
###...##.###
#..........
#...######## ###
#...# #... ..# #.P.#
... ..# #..P#
###.######@.# #.###
##.#......@..# #.#
..#........)..## #.#
..............[#
#.#########..#######
#..................
##..##..######.#...
........# ... .
######### ###


You could see Edmund.

Vanquished Creatures
  3 adders (D:2)
  2 worms
  A dart slug (D:1)
  2 orcs (D:3)
  3 bats
  2 endoplasms
  2 giant cockroaches (D:3)
  3 goblins
  A hobgoblin (D:4)
  6 jackals
  4 quokkas
  2 ball pythons
  2 frilled lizards
  5 kobolds
  5 rats
43 creatures vanquished.

Vanquished Creatures (others)
  2 plants (D:3)
2 creatures vanquished.

Grand Total: 45 creatures vanquished

Notes
Turn   | Place    | Note
-------+----------+-------------------------------------------
     0 | D:5      | qw the Gargoyle Delver began the quest for the Orb.
     0 | D:5      | Reached XP level 1. HP: 14/14 MP: 1/1
     0 | D:5      | 0 ||| qw: Version: 0.1-a-116-g5d60599
     0 | D:5      | 0 ||| qw: Game counter: 9377
     0 | D:5      | 0 ||| qw: Always use a shield: true
     0 | D:5      | 0 ||| qw: God list: Okawaru
     0 | D:5      | 0 ||| qw: Allow faded altars: false
     0 | D:5      | 0 ||| qw: Do Orc after D:15 true
     0 | D:5      | 0 ||| qw: Do second Lair branch before Depths: true
     0 | D:5      | 0 ||| qw: Lair rune preference: random
     0 | D:5      | 0 ||| qw: Plans: Normal
     0 | D:5      | 0 ||| PLANNING D:1-11
     0 | D:5      | 0 ||| DROPPING scroll of fog.
     1 | D:5      | 1 ||| DROPPING scroll of magic mapping.
     2 | D:5      | 2 ||| DROPPING scroll of fear.
   123 | D:2      | 123 ||| Stepping ~*~*~tactically~*~*~ (stealth).
   148 | D:2      | Reached XP level 2. HP: 14/19 MP: 2/2
   202 | D:2      | 202 ||| Stepping ~*~*~tactically~*~*~ (stealth).
   221 | D:2      | Reached skill level 3 in Axes
   489 | D:1      | 489 ||| Stepping ~*~*~tactically~*~*~ (stealth).
   491 | D:1      | 491 ||| Stepping ~*~*~tactically~*~*~ (stealth).
   493 | D:1      | 493 ||| Stepping ~*~*~tactically~*~*~ (stealth).
   498 | D:1      | 498 ||| Stepping ~*~*~tactically~*~*~ (stealth).
   500 | D:1      | 500 ||| Stepping ~*~*~tactically~*~*~ (stealth).
   502 | D:1      | 502 ||| Stepping ~*~*~tactically~*~*~ (stealth).
   504 | D:1      | 504 ||| Stepping ~*~*~tactically~*~*~ (stealth).
   524 | D:1      | Reached XP level 3. HP: 23/23 MP: 3/3
   533 | D:1      | 533 ||| Stepping ~*~*~tactically~*~*~ (hiding).
   639 | D:1      | 639 ||| Stepping ~*~*~tactically~*~*~ (hiding).
   775 | D:1      | 775 ||| Stepping ~*~*~tactically~*~*~ (stealth).
   780 | D:1      | 780 ||| Stepping ~*~*~tactically~*~*~ (stealth).
   785 | D:1      | 785 ||| Stepping ~*~*~tactically~*~*~ (stealth).
   790 | D:1      | 790 ||| Stepping ~*~*~tactically~*~*~ (stealth).
   807 | D:1      | 807 ||| Stepping ~*~*~tactically~*~*~ (stealth).
   853 | D:1      | 853 ||| Stepping ~*~*~tactically~*~*~ (stealth).
   859 | D:1      | 859 ||| Stepping ~*~*~tactically~*~*~ (stealth).
   860 | D:1      | 860 ||| Stepping ~*~*~tactically~*~*~ (stealth).
   864 | D:1      | 864 ||| Stepping ~*~*~tactically~*~*~ (stealth).
   885 | D:1      | 885 ||| Stepping ~*~*~tactically~*~*~ (stealth).
   925 | D:1      | 925 ||| Stepping ~*~*~tactically~*~*~ (stealth).
   926 | D:1      | 926 ||| Stepping ~*~*~tactically~*~*~ (stealth).
  1408 | D:1      | 1408 ||| UPGRADING to +0 ring mail.
  1418 | D:1      | 1418 ||| DROPPING +0 leather armour.
  1419 | D:1      | 1419 ||| UPGRADING to +0 plate armour.
  1429 | D:1      | 1429 ||| DROPPING +0 ring mail.
  1430 | D:1      | 1430 ||| READING scroll labelled IGE YBO REMMUU.
  1433 | D:1      | 1433 ||| READING 4 scrolls labelled OPHIPA QOMO.
  1434 | D:1      | 1434 ||| READING 3 scrolls of identify.
  1434 | D:1      | 1434 ||| IDENTIFYING sedimented red potion
  1828 | D:2      | Reached skill level 1 in Armour
  1840 | D:2      | Found a faded altar of an unknown god.
  2127 | D:2      | 2127 ||| READING scroll labelled AWEDIO VYOKK.
  2128 | D:2      | 2128 ||| READING scroll labelled QYERAS GUELLOP.
  2129 | D:2      | 2129 ||| DRINKING 2 murky emerald potions.
  2169 | D:3      | 2169 ||| STAIRDANCE
  2177 | D:3      | 2177 ||| STAIRDANCE
  2306 | D:3      | Reached XP level 4. HP: 28/28 MP: 4/4
  2785 | D:3      | 2785 ||| Stepping ~*~*~tactically~*~*~ (stealth).
  2786 | D:3      | 2786 ||| Stepping ~*~*~tactically~*~*~ (stealth).
  3185 | D:3      | 3185 ||| READING scroll labelled IWEMUJ LIS.
  3790 | D:4      | Noticed Edmund
  3791 | D:4      | 3791 ||| Stepping ~*~*~tactically~*~*~ (hiding).
  3799 | D:4      | HP: 6/28 [Edmund/+0 flail of protection (6)]
  3800 | D:4      | 3800 ||| READING scroll of teleportation.
  3800 | D:4      | HP: 2/28 [Edmund/+0 flail of protection (4)]
  4115 | D:4      | HP: 7/28 [constriction (1)]
  4120 | D:4      | HP: 2/28 [Edmund/+0 flail of protection (2)]
  4123 | D:4      | Constricted to death by Edmund

Levels and vault maps discovered:
D:1:      saegor_arrival_simple_e, layout_loops_cross
D:2:      layout_loops_ring, shapermc_ecumenical_altar_gd
D:3:      layout_loops_corners, serial_forest, infiniplex_forest_end_1,
          infiniplex_forest_zigzag_1, infiniplex_forest_lined_2,
          infiniplex_forest_lined_room_3, infiniplex_forest_clump_medium,
          infiniplex_forest_clump_large, infiniplex_forest_clump_cross
D:4:      layout_loops_corners, serial_shops, shop, minmay_door_square,
          sigmund_edmund_badplayer
D:5:      layout_basic, serial_shops, shop_statue, uniq_eustachio, uniq_pikel,
          uniq_duvessa

Skill      XL: |  1  2  3  4 |
---------------+-------------+-----
Axes           | 2 3 |  3.6
Armour         | 1 2 |  2.0
Fighting       | |  3.2
Dodging        | |  1.5
Stealth        | |  5.4

Action                   |  1- 3 |  4- 6 || total
-------------------------+-------+-------++-------
Melee: Hand axe          |   103 |    69 ||   172
       Punch             |     2 |     2 ||     4
Throw: Boomerang         |       |     1 ||     1
  Use: Scroll            |     5 |     2 ||     7
       Potion            |     1 |       ||     1
Armor: Leather armour    |    24 |       ||    24
       Plate armour      |    36 |    41 ||    77
Dodge: Dodged            |    41 |    14 ||    55

Table legend:
 A = Non-vault XP
 B = Vault XP
 C = Vault XP percentage of total XP
 D = Non-vault monster count
 E = Vault monster count
 F = Vault count percentage of total count
                 A         B        C        D         E       F
            +---------+---------+-------+---------+---------+-------
      Total |     115 |       0 |   0.0 |      43 |       0 |   0.0
            +---------+---------+-------+---------+---------+-------
        D:1 |      20 |       0 |   0.0 |      12 |       0 |   0.0
        D:2 |      56 |       0 |   0.0 |      13 |       0 |   0.0
        D:3 |      33 |       0 |   0.0 |      15 |       0 |   0.0
        D:4 |       6 |       0 |   0.0 |       3 |       0 |   0.0
            +---------+---------+-------+---------+---------+-------
